 Dungeon Crawl Stone Soup version 0.22.1-2-g9c5b331 (webtiles) character file.

53 TheAlmogaver the Magician (level 3, -7/26 HPs)
             Began as a Gnoll Wizard on Dec 19, 2018.
             Killed by nerve-wracking pain
             ... invoked by a shadow imp
             ... summoned by Natasha
              (14 damage)
             ... on level 2 of the Dungeon.
             The game lasted 00:03:30 (1066 turns).

TheAlmogaver the Magician (Gnoll Wizard)            Turns: 1066, Time: 00:03:31

Health: -7/26      AC:  3    Str:  9    XL:     3   Next: 87%
Magic:  2/11       EV: 14    Int: 21    God:
Gold:   55         SH:  0    Dex: 13    Spells: 5/16 levels left

rFire    . . .     SeeInvis .   f - +0 dagger (flame)
rCold    . . .     Gourm    .   (no shield)
rNeg     . . .     Faith    .   a - +0 robe
rPois    .         Spirit   .   b - +0 hat
rElec    .         Reflect  .   (no cloak)
rCorr    .         Harm     .   (no gloves)
MR       .....                  e - +0 pair of boots
Stlth    +++.......             (no amulet)
HPRegen  0.08/turn              (no ring)
MPRegen  0.12/turn              (no ring)

@: no status effects
A: distributed training, fangs 1, strong nose
a: no special abilities


You were on level 2 of the Dungeon.
You were not hungry.

You visited 1 branch of the dungeon, and saw 2 of its levels.

You collected 55 gold pieces.

Inventory:

Hand Weapons
 f - a +0 dagger of flaming (weapon)
Armour
 a - a +0 robe (worn)
 b - a +0 hat (worn)
 e - a +0 pair of boots (worn)
Scrolls
 c - a scroll of remove curse {unknown}
 h - a scroll of identify {unknown}
 j - a scroll of amnesia {unknown}
Potions
 g - a potion of brilliance {unknown}
Comestibles
 d - 3 rations
 i - a chunk of flesh


   Skills:
 + Level 1.0 Fighting
 + Level 1.0 Short Blades
 + Level 1.0 Long Blades
 + Level 1.0 Axes
 + Level 1.0 Maces & Flails
 + Level 1.0 Polearms
 + Level 1.0 Staves
 + Level 1.0 Slings
 + Level 1.0 Bows
 + Level 1.0 Crossbows
 + Level 1.0 Throwing
 + Level 1.0 Armour
 + Level 4.6 Dodging
 + Level 4.2 Stealth
 + Level 1.0 Shields
 + Level 1.0 Unarmed Combat
 + Level 7.1 Spellcasting
 + Level 2.1 Conjurations
 + Level 0.7 Hexes
 + Level 0.7 Charms
 + Level 2.1 Summonings
 + Level 0.7 Necromancy
 + Level 2.1 Translocations
 + Level 0.7 Transmutations
 + Level 0.7 Fire Magic
 + Level 0.7 Ice Magic
 + Level 0.7 Air Magic
 + Level 0.7 Earth Magic
 + Level 0.7 Poison Magic
 + Level 1.0 Invocations
 + Level 1.0 Evocations


You had 5 spell levels left.
You knew the following spells:

 Your Spells              Type           Power        Failure   Level  Hunger
a - Magic Dart            Conj           ###.         3%          1    None
b - Blink                 Tloc           N/A          5%          2    None
c - Call Imp              Summ           ###.....     5%          2    None
d - Conjure Flame         Conj/Fire      ##......     14%         3    None
e - Mephitic Cloud        Conj/Pois/Air  ##......     16%         3    None

Your spell library contained the following spells:

 Spells                   Type           Power        Failure   Level  Hunger
 Slow                     Hex            ##......     10%         2    None


Dungeon Overview and Level Annotations

Branches:
Dungeon (2/15)

Altars:

Annotations:
D:2 Natasha


Innate Abilities, Weirdness & Mutations

Your experience applies equally to all skills.
You have very sharp teeth.
Your uncanny sense of smell can sniff out nearby items.


Message History

The crimson imp barely misses you. Natasha closely misses you.
The shadow imp hits you but does no damage.
You hit the crimson imp but do no damage.
The crimson imp is lightly wounded.
The crimson imp hits you but does no damage.
The shadow imp hits you. Natasha casts a spell at you. The magic dart hits you!
You hit the crimson imp.
The crimson imp is moderately wounded.
The shadow imp hits you.
* * * LOW HITPOINT WARNING * * *
The crimson imp hits you but does no damage.
Natasha closely misses you.
The crimson imp hits you but does no damage.
Natasha closely misses you. The shadow imp gestures at you.
Pain shoots through your body!
Ouch! That really hurt!
You die...

##..........# .#...
#...........##########....
#.......................#
#.......................##
#............)...........#
#.......÷................#
........[....)...........#
....(...<##.......5......#
###......##....@.55........#
#......###.....h..........
#.........................
#.....)......####.....†..#
#......####... ...###.#.#
######## #.. $...# .#∆ ###
.#... ...#.


You could see Natasha, a crimson imp and 2 shadow imps.

Vanquished Creatures
  Natasha (D:2)
  A leopard gecko (D:1)
  2 bats (D:1)
  2 giant cockroaches (D:1)
  3 goblins
  5 hobgoblins
  7 jackals (D:1)
  A frilled lizard (D:1)
  3 kobolds
  4 rats
29 creatures vanquished.

Notes
Turn   | Place    | Note
-------+----------+-------------------------------------------
     0 | D:1      | TheAlmogaver the Gnoll Wizard began the quest for the Orb.
     0 | D:1      | Reached XP level 1. HP: 13/13 MP: 8/8
    74 | D:1      | Reached XP level 2. HP: 19/19 MP: 0/10
   484 | D:1      | Reached XP level 3. HP: 25/25 MP: 6/11
   650 | D:1      | Learned a level 2 spell: Blink
   653 | D:1      | Learned a level 2 spell: Call Imp
   657 | D:1      | Learned a level 3 spell: Conjure Flame
   661 | D:1      | Learned a level 3 spell: Mephitic Cloud
   978 | D:2      | Noticed Natasha
   990 | D:2      | Killed Natasha
   990 | D:2      | Reached skill level 1 in Invocations
  1049 | D:2      | Reached skill level 1 in Fighting
  1049 | D:2      | Reached skill level 1 in Short Blades
  1049 | D:2      | Reached skill level 1 in Long Blades
  1049 | D:2      | Reached skill level 1 in Axes
  1049 | D:2      | Reached skill level 1 in Maces & Flails
  1049 | D:2      | Reached skill level 1 in Polearms
  1049 | D:2      | Reached skill level 1 in Staves
  1049 | D:2      | Reached skill level 1 in Slings
  1049 | D:2      | Reached skill level 1 in Bows
  1049 | D:2      | Reached skill level 1 in Crossbows
  1049 | D:2      | Reached skill level 1 in Throwing
  1049 | D:2      | Reached skill level 1 in Armour
  1049 | D:2      | Reached skill level 1 in Shields
  1049 | D:2      | Reached skill level 1 in Unarmed Combat
  1049 | D:2      | Reached skill level 1 in Evocations
  1052 | D:2      | Noticed Natasha
  1066 | D:2      | Killed from afar by a shadow imp

Skill      XL: |  1  2  3 |
---------------+----------+-----
Conjurations   | 2 |  2.1
Summonings     | 2 |  2.1
Translocations | 2 |  2.1
Invocations    | 1 |  1.0
Fighting       | 1 |  1.0
Short Blades   | 1 |  1.0
Long Blades    | 1 |  1.0
Axes           | 1 |  1.0
Maces & Flails | 1 |  1.0
Polearms       | 1 |  1.0
Staves         | 1 |  1.0
Slings         | 1 |  1.0
Bows           | 1 |  1.0
Crossbows      | 1 |  1.0
Throwing       | 1 |  1.0
Armour         | 1 |  1.0
Shields        | 1 |  1.0
Unarmed Combat | 1 |  1.0
Evocations     | 1 |  1.0
Dodging        | |  4.6
Stealth        | |  4.2
Spellcasting   | |  7.1
Hexes          | |  0.7
Charms         | |  0.7
Necromancy     | |  0.7
Transmutations | |  0.7
Fire Magic     | |  0.7
Ice Magic      | |  0.7
Air Magic      | |  0.7
Earth Magic    | |  0.7
Poison Magic   | |  0.7

Action                   || total
-------------------------++-------
Melee: Dagger            ||    28
       Bite              ||     1
 Cast: Magic Dart        ||    56
       Call Imp          ||     3
Armor: Robe              ||     9
Dodge: Dodged            ||    30
